 Dungeon Crawl Stone Soup version 0.25-a0-424-g80bd347ae0 (webtiles) character file.

Game seed: 5472614088503330769, levelgen mode: deterministic

136 DerDa the Skirmisher (level 5, -3/29 HPs)
             Began as a Vine Stalker Fighter on Jan 21, 2020.
             Slain by Grinder (6 damage)
             ... while paralysed by Grinder
             ... on level 3 of the Dungeon.
             The game lasted 00:04:31 (1693 turns).

DerDa the Skirmisher (Vine Stalker Fighter)         Turns: 1693, Time: 00:04:31

Health: -3/29      AC:  9    Str: 19    XL:     5   Next: 19%
Magic:  0/6        EV:  2    Int:  8    God:
Gold:   119        SH:  0    Dex: 14    Spells: 4/4 levels left

rFire    . . .     SeeInvis .   a - +0 long sword
rCold    . . .     Gourm    .   c - +0 shield
rNeg     . . .     Faith    .   b - +0 scale mail
rPois    .         Spirit   +   e - +0 helmet
rElec    .         Reflect  .   (no cloak)
rCorr    .         Harm     .   (no gloves)
MR       .....                  j - +1 pair of boots
Stlth    ..........             (no amulet)
HPRegen  0.49/turn              (no ring)
MPRegen  0.10/turn              (no ring)

@: paralysed
A: fangs 2, regeneration 1, magic shield, antimagic bite, no potion heal 3, rot
immunity
a: no special abilities


You were on level 3 of the Dungeon.
You were not hungry.

You visited 1 branch of the dungeon, and saw 3 of its levels.

You collected 119 gold pieces.

Inventory:

Hand Weapons
 a - a +0 long sword (weapon)
 d - a +0 hunting sling
Missiles
 m - 131 stones (quivered)
 q - 30 sling bullets
 w - 29 bolts
Armour
 b - a +0 scale mail (worn)
 c - a +0 shield (worn)
 e - a +0 helmet (worn)
 j - a +1 pair of boots (worn)
Scrolls
 g - a scroll of magic mapping {unknown}
 i - 3 scrolls of teleportation {unknown}
 l - 3 scrolls of remove curse {unknown}
 n - 2 scrolls of amnesia {unknown}
 u - a scroll of random uselessness {unknown}
 v - a scroll of identify {unknown}
 x - a scroll of blinking {unknown}
Potions
 h - a potion of haste
 o - 2 potions of flight {unknown}
 p - a potion of mutation {unknown}
 r - a potion of heal wounds {unknown}
 s - a potion of curing {unknown}
 t - 2 potions of brilliance {unknown}
Comestibles
 f - 3 rations
 k - 3 chunks of flesh


   Skills:
 * Level 3.8 Fighting
 - Level 1.7 Long Blades
 - Level 2.4 Armour
 * Level 2.2 Dodging
 + Level 3.3 Shields


You had 4 spell levels left.
You didn't know any spells.
Your spell library was empty.

Dungeon Overview and Level Annotations

Branches:
Dungeon (3/15)

Altars:

Annotations:
D:3 Grinder


Innate Abilities, Weirdness & Mutations

You have extremely sharp teeth.
Your natural rate of healing is unusually fast.
When hurt, damage is shared between your health and your magic reserves.
Your bite disrupts and absorbs the magic of your enemies.
Potions cannot restore your health.
You are immune to rotting.


Message History

You slash the gnoll!
You kill the gnoll!
The gnoll hits you but does no damage.
Grinder shouts!
The gnoll barely misses you.
Grinder blinks!
Some of the chunks of flesh in your inventory have rotted away.
Things that are here:
a +0 spear; a +0 leather armour; a scroll labeled CASTRA NAQALLE The gnoll hits you.
Grinder says, "Are you a fish?" Grinder gestures at you.
You suddenly lose the ability to move!
The gnoll hits you. The gnoll hits you but does no damage. Grinder hits you.
You writhe in agony.
* * * LOW HITPOINT WARNING * * *
The gnoll completely misses you. Grinder hits you but does no damage.
The gnoll hits you!
* * * LOW HITPOINT WARNING * * *
Grinder hits you.
You die...

# #......5.. #.# # ##..###### #.#
# #[.# #.# # #..# #.# ## #..# #.#
.## #..# #.# ..#####..# #.#
.........###############. #.#
...............5@)....... #..
...####.#########g####### ##.
..## #.# ######.# #. 5## #.#
##......##### #. ## #.#
#...........####.# #. #
##.###..#...).........# #.
######...##..#.##.##.###### #.
.....^.#.....#.##.##.###########.
######...##.##.##..........)....>


You could see Grinder and a gnoll.

Vanquished Creatures
  Terence (D:3)
  Robin (D:2)
  2 gnolls
  2 adders (D:3)
  An adder skeleton (D:3)
  A leopard gecko (D:1)
  4 orcs (D:3)
  A ball python (D:3)
  A giant cockroach (D:3)
  12 goblins
  5 hobgoblins
  4 jackals (D:1)
  5 kobolds
  5 bats
  2 frilled lizards
  9 rats
56 creatures vanquished.

Notes
Turn   | Place    | Note
-------+----------+-------------------------------------------
     0 | D:1      | DerDa the Vine Stalker Fighter began the quest for the Orb.
     0 | D:1      | Reached XP level 1. HP: 11/11 MP: 2/2
   276 | D:1      | Reached XP level 2. HP: 16/16 MP: 3/3
   498 | D:1      | Reached skill level 1 in Dodging
   685 | D:2      | Noticed Robin
   706 | D:2      | Reached XP level 3. HP: 10/20 MP: 2/4
   714 | D:2      | Killed Robin
  1383 | D:3      | Gained mutation: Your natural rate of healing is unusually
                  | fast. [Vine Stalker growth]
  1383 | D:3      | Reached XP level 4. HP: 18/24 MP: 5/5
  1496 | D:3      | Noticed Terence
  1515 | D:3      | Killed Terence
  1518 | D:3      | Noticed Grinder
  1544 | D:2      | Reached XP level 5. HP: 20/29 MP: 4/6
  1689 | D:3      | Paralysed by Grinder for 5 turns
  1693 | D:3      | Slain by Grinder

Levels and vault maps discovered:
D:1:      nzn_arrival_settlement, layout_basic
D:2:      layout_loops_ring, first_ration, uniq_robin
D:3:      layout_loops_ring, uniq_grinder, uniq_terence

Skill      XL: |  1  2  3  4 |
---------------+-------------+-----
Fighting       | 3 |  3.8
Dodging        | 1 2 |  2.2
Shields        | 3 |  3.3
Long Blades    | |  1.7
Armour         | |  2.4

Action                   |  1- 3 |  4- 6 || total
-------------------------+-------+-------++-------
Melee: Long sword        |    81 |    58 ||   139
       Bite              |    19 |    18 ||    37
  Use: Potion            |     2 |       ||     2
  Eat: Chunk             |     1 |     2 ||     3
Armor: Scale mail        |    49 |    27 ||    76
Dodge: Dodged            |    30 |    21 ||    51
Block: Shield            |    44 |    34 ||    78
       Rpst.: Long sword |    10 |     4 ||    14

Table legend:
 A = Non-vault XP
 B = Vault XP
 C = Vault XP percentage of total XP
 D = Non-vault monster count
 E = Vault monster count
 F = Vault count percentage of total count
                 A         B        C        D         E       F
            +---------+---------+-------+---------+---------+-------
      Total |     125 |      70 |  35.9 |      44 |      12 |  21.4
            +---------+---------+-------+---------+---------+-------
        D:1 |      25 |       0 |   0.0 |      14 |       0 |   0.0
        D:2 |      23 |      34 |  59.6 |       8 |      11 |  57.9
        D:3 |      77 |      36 |  31.9 |      22 |       1 |   4.3
            +---------+---------+-------+---------+---------+-------
